 Dungeon Crawl Stone Soup version 0.28-a0-895-g6e5f11bd55 (webtiles) character file.

Game seed: 5733398724025541323

67 siradein the Shooter (level 4, -2/38 HPs)
             Began as a Minotaur Hunter on Nov 23, 2021.
             Killed from afar by Sigmund (9 damage)
             ... with a puff of flame
             ... on level 2 of the Dungeon.
             The game lasted 00:04:51 (1936 turns).

siradein the Shooter (Minotaur Hunter)              Turns: 1936, Time: 00:04:51

Health: -2/38      AC:  4    Str: 16    XL:     4   Next: 0%
Magic:  3/3        EV: 12    Int:  8    God:
Gold:   43         SH:  5    Dex: 12    Spells: 3/3 levels left

rFire   . . .      SeeInvis .   a - +1 shortbow
rCold   . . .      Faith    .   (shield currently unavailable)
rNeg    . . .      Spirit   .   c - +0 leather armour
rPois   .          Reflect  +   (helmet restricted)
rElec   .          Harm     .   (no cloak)
rCorr   .          Rampage  .   r - +0 pair of gloves
Will    .....                   (no boots)
Stlth   +.........              i - amulet of reflection
HPRegen 0.12/turn               (no ring)
MPRegen 0.08/turn               (no ring)

@: no status effects
A: horns 2, retaliatory headbutt
a: no special abilities


You were on level 2 of the Dungeon.
You visited 1 branch of the dungeon, and saw 2 of its levels.

You collected 43 gold pieces.

Inventory:

Hand Weapons
 a - a +1 shortbow (weapon)
 b - a +0 short sword
Missiles
 d - 13 arrows (quivered ammo)
 j - 5 curare-tipped darts
 m - 6 atropa-tipped darts
Armour
 c - a +0 leather armour (worn)
 n - a +0 buckler
 r - a +0 pair of gloves (worn)
Jewellery
 i - an amulet of reflection (around neck)
Scrolls
 e - a scroll of holy word {unknown}
 f - 2 scrolls of fog {unknown}
 k - a scroll of blinking {unknown}
 l - 2 scrolls of identify {unknown}
 o - a scroll of vulnerability {unknown}
Potions
 g - 2 potions of flight {unknown}
 h - a potion of curing {unknown}
 p - a potion of berserk rage {unknown}
 q - a potion of degeneration {unknown}
 s - a potion of heal wounds {unknown}


   Skills:
 + Level 3.3 Fighting
 + Level 4.9 Bows
 + Level 1.4 Armour
 + Level 3.0 Dodging
 - Level 1.2 Stealth


You had 3 spell levels left.
You didn't know any spells.
Your spell library contained the following spells:

 Spells                   Type           Power      Damage    Failure   Level
 Sandblast                Erth           0%         2d4       47%         1
 Passwall                 Tmut/Erth      0%         N/A       63%         2
 Stone Arrow              Conj/Erth      0%         3d7       85%         3


Dungeon Overview and Level Annotations

Branches:
Dungeon (2/15)

Altars:

Shops:
D:2 =[

Annotations:
D:2 Sigmund


Innate Abilities, Weirdness & Mutations

You have a pair of horns on your head.
You reflexively headbutt those who attack you in melee.


Message History

You shoot an arrow. The arrow closely misses Sigmund.
Sigmund casts a spell.
Sigmund flickers and vanishes!
Deactivating autopickup; reactivate with Ctrl-A.
You shoot an arrow. The arrow misses the quokka.
You shoot an arrow. The arrow misses the quokka.
Something hits you!
You shoot an arrow. The arrow hits the quokka.
The quokka is moderately wounded.
Something hits you!
The quokka bites you but does no damage.
b - a +0 short sword (weapon)
The quokka barely misses you. The quokka closely misses you.
A puff of flame appears from out of thin air!
The puff of flame hits you. The quokka bites you.
* * * LOW HITPOINT WARNING * * *
You block the quokka's attack. The quokka misses you. You furiously retaliate!
You headbutt the quokka. You closely miss the quokka.
The quokka is almost dead.
You block the quokka's attack. The quokka misses you.
The quokka barely misses you.
You barely miss the quokka.
The quokka is almost dead.
The quokka bites you.
* * * LOW HITPOINT WARNING * * *
Sigmund hits you from afar with a +0 scythe.
* * * LOW HITPOINT WARNING * * *
The quokka twitches its whiskers.
There is a stone staircase leading up here.
You hit the quokka.
You kill the quokka!
You have reached level 4!
You feel agile.
a - a +1 shortbow (weapon)
Sigmund points at you and mumbles some strange words.
The puff of flame hits you!
You die...

.########.###.#..#.#
.............∩..#..#
#.........##......##
#######..........##
####...........# #
#..............# ##.#
.##.###..........###...#
.##.# #..).......#...#
##. ..# #...@........#
#.. ..# #..)..@.....##
#.###.###.#
#######...#.#
#......##.# ##....#
####.....#### #####....#
#.(..###....# #........#
### .(.#### #..#.#
#.####...## ##... ..#
##...###.# ###..####..#
..
##.{.##.#######......###


You could see Sigmund.

Vanquished Creatures
  A worm (D:2)
  7 ball pythons
  10 endoplasms
  4 giant cockroaches
  8 hobgoblins (D:1)
  3 jackals (D:1)
  5 kobolds (D:1)
  4 quokkas
  2 bats
  4 frilled lizards (D:1)
  4 goblins
  3 rats
55 creatures vanquished.

Notes
Turn   | Place    | Note
-------+----------+-------------------------------------------
     0 | D:1      | siradein the Minotaur Hunter began the quest for the Orb.
     0 | D:1      | Reached XP level 1. HP: 18/18 MP: 0/0
    90 | D:1      | Reached skill level 1 in Stealth
   109 | D:1      | Reached XP level 2. HP: 11/25 MP: 1/1
   645 | D:1      | Reached XP level 3. HP: 31/31 MP: 2/2
  1024 | D:1      | Reached skill level 1 in Armour
  1513 | D:2      | Found Socim's Jewellery Shop.
  1770 | D:2      | Found Poudas's Antique Armour Boutique.
  1885 | D:2      | Noticed Sigmund
  1936 | D:2      | Reached XP level 4. HP: 7/38 MP: 3/3
  1936 | D:2      | Killed from afar by Sigmund

Illustrated notes

Levels and vault maps discovered:
D:1:      pf_arrival_petrified_forest, layout_loops_cross, minmay_hexomino_p4
D:2:      layout_rooms, serial_shops, shop, shop, uniq_sigmund

Skill      XL: |  1  2  3 |
---------------+----------+-----
Stealth        | 1 |  1.2
Fighting       | 3 |  3.3
Armour         | 1 |  1.4
Dodging        | 3 |  3.0
Bows           | |  4.9

Action                   |  1- 3 |  4- 6 || total
-------------------------+-------+-------++-------
Melee: Short sword       |   130 |       ||   130
       Headbutt          |    25 |       ||    25
 Fire: Shortbow          |     7 |       ||     7
 Stab: Sleeping          |     2 |       ||     2
Armor: Leather armour    |    36 |       ||    36
Dodge: Dodged            |    85 |       ||    85
Block: Buckler           |     2 |       ||     2
       Other             |     2 |       ||     2

Table legend: (Time is in decaauts)
 A = Elapsed time spent in this place.
 B = Non-inter-level travel time spent in this place.
 C = Inter-level travel time spent in this place.
 D = Time resting spent in this place.
 E = Time spent auto-exploring this place.
 F = Levels seen in this place.
 G = Mean time per level.
                   A        B        C        D        E       F      G
               +--------+--------+--------+--------+--------+-----+--------+
         Total |   1949 |   1926 |     23 |      0 |   1532 |   2 |  974.5 |
       Dungeon |   1949 |   1926 |     23 |      0 |   1532 |   2 |  974.5 |
               +--------+--------+--------+--------+--------+-----+--------+

Top non-repeatable levels by time:
     D:1: 1526 daAuts
     D:2: 423 daAuts
